 Dungeon Crawl Stone Soup version 0.28-a0-1190-g77e1c55843 (webtiles) character file.

Game seed: 11276541607807036146

135 mandarbmax the Conjurer (level 4, 0/18 HPs)
             Began as a Felid Conjurer on Dec 18, 2021.
             Was an Initiate of Hepliaklqana.
             Killed from afar by Dowan (7 damage)
             ... with a puff of flame
             ... on level 4 of the Dungeon.
             The game lasted 00:08:58 (3975 turns).

mandarbmax the Conjurer (Felid Conjurer)            Turns: 3975, Time: 00:08:58

Health: 0/18       AC:  1    Str:  3    XL:     4   Next: 97%
Magic:  1/8        EV: 17    Int: 21    God:    Hepliaklqana [......]
Gold:   168        SH:  0    Dex: 15    Spells: 0/7 levels left
                                        Lives:  0   Deaths: 1

rFire   . . .      SeeInvis +   (weapon unavailable)
rCold   . . .      Faith    .   (shield unavailable)
rNeg    . . .      Spirit   .   (armour unavailable)
rPois   +          Reflect  .   (helmet unavailable)
rElec   .          Harm     .   (cloak unavailable)
rCorr   .          Rampage  .   (gloves unavailable)
Will    .....                   (boots unavailable)
Stlth   ++........              (no amulet)
HPRegen 0.06/turn               b - ring of poison resistance
MPRegen 0.11/turn               (no ring)

@: quick
A: very small, claws 1, fangs 3, see invisible, speed 1, shaggy fur 1, stealthy
paws, no weapons or thrown items, no armour, multi-lived
a: Renounce Religion


You were on level 4 of the Dungeon.
You worshipped Hepliaklqana.
Hepliaklqana was noncommittal.
You visited 1 branch of the dungeon, and saw 4 of its levels.

You collected 168 gold pieces.

Inventory:

Jewellery
 b - a ring of poison resistance (left paw)
Scrolls
 d - a scroll of magic mapping {unknown}
 e - a scroll of teleportation {unknown}
 g - a scroll of amnesia {unknown}
Potions
 a - a potion of lignification {unknown}
 c - 2 potions of mutation {unknown}
 f - a potion of might {unknown}


   Skills:
 - Level 3.0 Dodging
 - Level 3.0 Stealth
 + Level 2.3 Spellcasting
 + Level 5.4 Conjurations
 * Level 4.0 Hexes


You couldn't memorise any spells.
You knew the following spells:

 Your Spells              Type           Power      Damage    Failure   Level
a - Magic Dart            Conj           100%       1d8       1%          1
b - Searing Ray           Conj           50%        2d6       2%          2
c - Fulminant Prism       Conj/Hex       11%        3d9       21%         4

Your spell library contained the following spells:

 Spells                   Type           Power      Damage    Failure   Level
 Dazzling Flash           Conj/Hex       44%        N/A       6%          3
 Iskenderun's Mystic Bla  Conj/Tloc      13%        2d5       43%         4


Dungeon Overview and Level Annotations

Branches:
Dungeon (4/15)
 Temple: D:4-7

Altars:
Cheibriados
Hepliaklqana
Kikubaaqudgha
Nemelex Xobeh
Wu Jian

Annotations:
D:4 Dowan


Innate Abilities, Weirdness & Mutations

You have sharp claws.
You have razor-sharp teeth.
You have supernaturally acute eyesight. (SInv)
You cover ground quickly. (Speed+)
You are covered in fur. (AC +1)
Your paws help you pounce on unaware monsters.
You are incapable of wielding weapons or throwing items.
You cannot wear armour.
You gain extra lives every three experience levels.


Message History

Magic restored.
HP restored.
You see here a +2 mace of protection.
There is an open door here.
There is a stone staircase leading down here.
You climb downwards.
Level annotation: Dowan
There is a stone staircase leading up here.
Found 21 arrows and 15 gold pieces.
Casting: Searing Ray (safe; 2% risk of failure)
Confirm with . or Enter, or press ? or * to list all spells.
The spell is potentially lethal to miscast (21% risk of failure)!
Continue anyway?
Aiming: Fulminant Prism (potentially lethal; 21% risk of failure)
Press: ? - help, Dir - move target You conjure a prism of explosive energy!
A fulminant prism comes into view.
Dowan says, "My weaknesses are her strengths!"
Casting: Fulminant Prism (potentially lethal; 21% risk of failure)
Confirm with . or Enter, or press ? or * to list all spells.
You don't know that spell.
Dowan mumbles some strange words.
Dowan blinks!
Your fulminant prism crackles loudly.
You hear an explosion!
You hear an angry hiss. x3
You see here a hound corpse.
Dowan casts a spell at you. You resist with some effort.
Casting: Fulminant Prism (potentially lethal; 21% risk of failure)
Confirm with . or Enter, or press ? or * to list all spells.
The spell is potentially lethal to miscast (21% risk of failure)!
Continue anyway?
Aiming: Fulminant Prism (potentially lethal; 21% risk of failure)
Press: ? - help, Dir - move target You conjure a prism of explosive energy!
A fulminant prism comes into view.
Dowan points at you and mumbles some strange words.
The puff of flame hits you!
Ouch! That really hurt!
Dowan casts a spell at you. The puff of flame hits you!
You die...

##..._#.####
#..e###
#_....#..'.#
#..†..#
##..._#.##.#
##.e#.# ##.###.#..#
###...##
#.###.#.####......#
#..#..#.....*.....#
##...##.####.##...#
##.###.#
#.÷....#### #_#...#
#@.##.....# ###.###
#..###.##.# #.#
##......##.#
###.###
#<....####.#
#.....# #.....# #.#
#....># #.....#
#.#### #...÷.#
#.....# #....#
#.....# #.....#
####.# #.....#
####### #.#


You could see Dowan (ally target) and a friendly fulminant prism.

Vanquished Creatures
  A hound (D:4)
  Jessica (D:2)
  5 adders
  3 gnolls (D:3)
  2 dart slugs
  4 orcs
  9 endoplasms
  A giant cockroach (D:1)
  9 goblins
  3 hobgoblins
  7 jackals
  5 kobolds
  2 quokkas
  6 ball pythons
  5 bats
  8 rats
71 creatures vanquished.

Vanquished Creatures (others)
  5 fulminant prisms
5 creatures vanquished.

Grand Total: 76 creatures vanquished

Notes
Turn   | Place    | Note
-------+----------+-------------------------------------------
     0 | D:1      | mandarbmax the Felid Conjurer began the quest for the Orb.
     0 | D:1      | Reached XP level 1. HP: 7/7 MP: 4/4
   259 | D:1      | Reached XP level 2. HP: 7/11 MP: 3/6
   610 | D:1      | Reached skill level 4 in Conjurations
   613 | D:1      | Learned a level 2 spell: Searing Ray
   835 | D:1      | Found a faded altar of an unknown god.
   941 | D:1      | You fall into a shaft and drop 1 floor!
  1021 | D:1      | Reached XP level 3. HP: 14/14 MP: 0/7
  1590 | D:2      | Noticed Jessica
  1594 | D:2      | Killed Jessica
  1723 | D:2      | Reached skill level 5 in Conjurations
  1723 | D:2      | Reached XP level 4. HP: 18/18 MP: 4/8
  1771 | D:2      | Learned a level 4 spell: Fulminant Prism
  1887 | D:2      | Reached skill level 1 in Hexes
  2646 | D:3      | Reached XP level 5. HP: 21/21 MP: 1/9
  2878 | D:3      | Slain by a gnoll
  2879 | D:3      | Reached XP level 4. HP: -4/18 MP: 1/8
  3656 | D:4      | Found an ancient bone altar of Kikubaaqudgha.
  3656 | D:4      | Found a hazy altar of Hepliaklqana.
  3661 | D:4      | Found a snail-covered altar of Cheibriados.
  3663 | D:4      | Found a sparkling altar of Nemelex Xobeh.
  3664 | D:4      | Found an ornate altar of the Wu Jian Council.
  3682 | D:4      | Became a worshipper of Hepliaklqana the Forgotten
  3837 | D:4      | Noticed Dowan
  3975 | D:4      | Killed from afar by Dowan

Illustrated notes

Levels and vault maps discovered:
D:1:      psy_arrival_basics, layout_rooms, hellmonk_ecumenical_altar_zigzags,
          kennysheep_decorative_pillar, st_stairs_13
D:2:      layout_basic, chequers_serial_rivers_room_b, uniq_jessica
D:3:      layout_basic
D:4:      layout_loops_cross, chequers_temple_overflow_minitemple, uniq_duvessa

Skill      XL: |  1  2  3  4  5 |
---------------+----------------+-----
Dodging        | 3 |  3.0
Stealth        | 3 |  3.0
Conjurations   | 4 5 |  5.4
Hexes          | 4 3 |  4.0
Spellcasting   | |  2.3

Action                   |  1- 3 |  4- 6 || total
-------------------------+-------+-------++-------
Melee: Unarmed           |       |    32 ||    32
       Bite              |       |     3 ||     3
 Cast: Magic Dart        |    71 |    52 ||   123
       Searing Ray       |       |     8 ||     8
       Fulminant Prism   |       |     6 ||     6
Armor: Skin              |     1 |     2 ||     3
Dodge: Dodged            |     9 |    31 ||    40

Table legend: (Time is in decaauts)
 A = Elapsed time spent in this place.
 B = Non-inter-level travel time spent in this place.
 C = Inter-level travel time spent in this place.
 D = Time resting spent in this place.
 E = Time spent auto-exploring this place.
 F = Levels seen in this place.
 G = Mean time per level.
                   A        B        C        D        E       F      G
               +--------+--------+--------+--------+--------+-----+--------+
         Total |   3554 |   3473 |     81 |    475 |   2552 |   4 |  888.5 |
       Dungeon |   3554 |   3473 |     81 |    475 |   2552 |   4 |  888.5 |
               +--------+--------+--------+--------+--------+-----+--------+

Top non-repeatable levels by time:
     D:1: 1327 daAuts
     D:2: 1111 daAuts
     D:3: 823 daAuts
     D:4: 292 daAuts
